 Dungeon Crawl Stone Soup version 0.23.1 (webtiles) character file.

Game seed: 16089917674777433602

320 Kairos the Sneak (level 6, -3/32 HPs)
             Began as a Vine Stalker Assassin on Mar 17, 2019.
             Splashed by a jelly's acid (7 damage)
             ... on level 3 of the Dungeon.
             The game lasted 00:05:18 (2557 turns).

Kairos the Sneak (Vine Stalker Assassin)            Turns: 2557, Time: 00:05:19

Health: -3/32      AC: -17   Str: 13    XL:     6   Next: 46%
Magic:  0/7        EV: 11    Int: 11    God:
Gold:   135        SH:  0    Dex: 18    Spells: 5/5 levels left

rFire    . . .     SeeInvis .   a - +2 dagger
rCold    . . .     Gourm    .   (no shield)
rNeg     . . .     Faith    .   i - +0 ring mail
rPois    .         Spirit   +   (no helmet)
rElec    .         Reflect  .   d - +0 cloak
rCorr    .         Harm     .   (no gloves)
MR       .....                  (no boots)
Stlth    +++.......             (no amulet)
HPRegen  0.50/turn              (no ring)
MPRegen  0.10/turn              (no ring)

@: corroded
A: fangs 2, regeneration 1, magic shield, antimagic bite, no potion heal 3, rot
immunity
a: no special abilities


You were on level 3 of the Dungeon.
You were not hungry.

You visited 1 branch of the dungeon, and saw 6 of its levels.

You collected 135 gold pieces.

Inventory:

Hand Weapons
 a - a +2 dagger (weapon)
 b - a +0 blowgun
Missiles
 e - 32 poisoned needles
 f - 2 curare-tipped needles
Armour
 d - a +0 cloak (worn)
 i - a +0 ring mail (worn)
Scrolls
 c - a scroll of blinking {unknown}
 h - a scroll of teleportation
 j - 2 scrolls of magic mapping
 k - 2 scrolls of remove curse
 m - 2 scrolls of identify
 n - a scroll of fog {unknown}
 o - a scroll of amnesia {unknown}
 p - a scroll of noise {unknown}
 q - a scroll of fear {unknown}
Potions
 l - a potion of haste
 r - a potion of mutation {unknown}
 s - a potion of ambrosia
 t - a potion of resistance
 u - a potion of curing
Comestibles
 g - 3 rations


   Skills:
 + Level 2.6 Fighting
 + Level 3.1 Short Blades
 + Level 1.8 Throwing
 + Level 1.4 Armour
 + Level 2.4 Dodging
 + Level 6.8 Stealth


You had 5 spell levels left.
You didn't know any spells.
Your spell library was empty.

Dungeon Overview and Level Annotations

Branches:
Dungeon (6/15)
 Temple: D:4-7

Altars:
Vehumet
Xom


Innate Abilities, Weirdness & Mutations

You have extremely sharp teeth.
Your natural rate of healing is unusually fast.
When hurt, damage is shared between your health and your magic reserves.
Your bite disrupts and absorbs the magic of your enemies.
Potions cannot restore your health.
You are immune to rotting.


Message History

You drain its power.
You feel invigorated.
The jelly is moderately wounded.
The jelly misses you.
You hit the jelly but do no damage. The acid corrodes you!
Your hands burn!
You bite the jelly. You drain its power.
You feel invigorated.
The jelly is moderately wounded.
The jelly closely misses you.
You hit the jelly but do no damage. The acid corrodes you!
Your hands burn!
The jelly is moderately wounded.
You hit the jelly but do no damage.
Your hands burn!
The jelly is moderately wounded.
The jelly hits you.
You are splashed with acid.
You hit the jelly but do no damage. The acid corrodes you!
Your hands burn!
* * * LOW HITPOINT WARNING * * *
You bite the jelly, but do no damage.
The jelly is moderately wounded.
The jelly hits you.
* * * LOW HITPOINT WARNING * * *
The acid corrodes you!
You are splashed with acid!
You die...

# ####### ......# ##.##.#
##.##.###########################
...##.##..........##.............
..................##......######.
##.##.###.........##...#.......#.
....#.#
##'##'##@###...#.......#รท
....#.# #.##.##J#...............
...##.# #+##+##+#...#(#........#
......# ##.......#...............
...#### ##..._...#.#.#.....#.#...
...# ##.....##.#.............
..####### #######................
........###.......##....#........
........<........>..........###.#


You could see a jelly.

Vanquished Creatures
  A bullfrog (D:6)
  A water moccasin zombie (D:6)
  A jelly (D:3)
  5 gnolls
  3 adders
  An ooze (D:2)
  2 worms (D:2)
  6 dart slugs
  3 leopard geckos
  9 bats
  A giant cockroach (D:2)
  7 goblins
  6 hobgoblins (D:1)
  An iguana (D:3)
  12 jackals
  8 kobolds
  5 frilled lizards
  6 rats
78 creatures vanquished.

Notes
Turn   | Place    | Note
-------+----------+-------------------------------------------
     0 | D:1      | Kairos the Vine Stalker Assassin began the quest for the
                  | Orb.
     0 | D:1      | Reached XP level 1. HP: 11/11 MP: 2/2
    16 | D:1      | Reached skill level 5 in Stealth
    96 | D:1      | Reached XP level 2. HP: 15/15 MP: 3/3
   400 | D:1      | Reached skill level 6 in Stealth
   400 | D:1      | Reached XP level 3. HP: 10/18 MP: 2/4
   469 | D:1      | Reached skill level 1 in Dodging
   957 | D:2      | Gained mutation: Your natural rate of healing is unusually
                  | fast. [Vine Stalker growth]
   957 | D:2      | Reached XP level 4. HP: 12/23 MP: 5/5
  1103 | D:2      | Reached XP level 5. HP: 12/26 MP: 4/6
  1812 | D:3      | Found a shimmering altar of Xom.
  1935 | D:3      | You fall through a shaft for 3 floors!
  1965 | D:6      | Reached XP level 6. HP: 5/32 MP: 3/7
  1970 | D:6      | Reached skill level 1 in Armour
  2095 | D:5      | Entered Level 5 of the Dungeon
  2268 | D:3      | Found a radiant altar of Vehumet.
  2557 | D:3      | Splashed by a jelly's acid

Skill      XL: |  1  2  3  4  5  6 |
---------------+-------------------+-----
Stealth        | 5 6 |  6.8
Fighting       | 2 |  2.6
Dodging        | 1 2 |  2.4
Short Blades   | 2 3 |  3.1
Armour         | 1 |  1.4
Throwing       | |  1.8

Action                   |  1- 3 |  4- 6 || total
-------------------------+-------+-------++-------
Melee: Dagger            |   101 |   194 ||   295
       Bite              |    23 |    67 ||    90
  Use: Scroll            |     4 |     1 ||     5
       Potion            |       |     5 ||     5
 Stab: Sleeping          |     5 |     5 ||    10
  Eat: Chunk             |       |     3 ||     3
       Ration            |       |     1 ||     1
Armor: Robe              |    37 |    11 ||    48
       Ring mail         |       |    52 ||    52
Dodge: Dodged            |    67 |   114 ||   181
